WCHLSIM.com - West Coast Hockey League
html PUBLIC "-//W3C//DTD XHTML 1.0 Transitional//EN" "http://www.w3.org/TR/xhtml1/DTD/xhtml1-transitional.dtd"> WCHL - Game 1058 - RENO LIONS vs UTAH ICE BEARS

RENO LIONS vs UTAH ICE BEARS

Created - 20 mars 2024 at 21:32

Goals
1 2 3 T
RENO LIONS 1 0 3 4
UTAH ICE BEARS 1 0 1 2
Shots
1 2 3 T
RENO LIONS 10 9 9 28
UTAH ICE BEARS 8 15 12 35

1st period

1. RENO LIONS , Dylan Strome 18 (Elias Pettersson 49, Kirill Kaprizov 38) at 8:06
2. UTAH ICE BEARS , Morgan Frost 9 (Andrew Peeke 10, David Savard 15) at 17:42

Penalties :
Andrew Mangiapane (UTA) for Hooking (Minor) at 8:07, Alexander Barabanov (UTA) for Roughing (Minor) at 13:51, Artem Zub (UTA) for Holding (Minor) at 14:08

2nd period

No Goal

Penalties :
Dante Fabbro (REN) for Roughing (Minor) at 5:46, Dante Fabbro (REN) for Roughing (Minor) at 17:28, Stuart Skinner (REN) for Slashing (Minor) at 19:21 - Anthony-John Greer served the penalty.

3rd period

3. RENO LIONS , Max Domi 18 (Pierre-Luc Dubois 20, Juuso Valimaki 14) at 9:12
4. UTAH ICE BEARS , Andrew Mangiapane 7 (David Savard 16, Alexander Barabanov 40) at 11:19
5. RENO LIONS , Vitali Kravtsov 1 (Trent Frederic 6, Dante Fabbro 11) at 16:18
6. RENO LIONS , Pierre-Luc Dubois 17 (Kirill Kaprizov 39, Elias Pettersson 50) at 19:50 (Empty Net)

Penalties :
Kirill Kaprizov (REN) for Interference (Minor) at 9:13

Goalie Stats

Stuart Skinner (REN), 33 saves from 35 shots - (0,943), W, 27-24-6, 60:00 minutes
Thatcher Demko (UTA), 24 saves from 27 shots - (0,889), L, 21-17-5, 59:24 minutes

Players Stats for RENO LIONS

Player Name              G  A  P  +/- PIM S  H  SB GA TA FO     MP     PP MP  PK MP  
------------------------------------------------------------------------------------
Alex Steeves             0  0  0   0  0   0  0  0  0  0  5/12    7:37   0:00   0:16 
Andreas Johnsson         0  0  0   0  0   0  0  0  0  0  0/0    10:04   0:00   2:43 
Anthony-John Greer       0  0  0   0  0   1  1  0  0  0  1/1    10:46   0:00   3:25 
Brady Skjei              0  0  0  -2  0   0  1  0  0  0  0/0    20:04   2:09   0:34 
Dante Fabbro             0  1  1   2  4   0  4  1  0  0  0/0    15:46   0:00   1:45 
Dylan Strome             1  0  1   0  0   4  0  0  0  0  0/2    17:12   1:30   0:00 
Elias Pettersson         0  2  2   1  0   3  1  2  0  0  16/29  23:40   2:45   5:01 
Ethan Bear               0  0  0   2  0   1  0  0  0  0  0/0    19:42   2:06   3:43 
Juuso Valimaki           0  1  1   1  0   0  2  0  0  0  0/0    21:52   2:09   3:24 
Kirill Kaprizov          0  2  2   1  2   5  2  0  0  0  0/2    18:44   2:45   0:06 
Mattias Samuelsson       0  0  0   2  0   0  3  6  0  0  0/0    21:37   0:00   4:56 
Max Domi                 1  0  1   0  0   4  0  0  0  0  2/2    14:51   1:30   0:00 
Nicholas Ritchie         0  0  0   1  0   2  4  0  0  0  0/1    11:19   0:00   0:00 
Patrick Brown            0  0  0   0  0   0  1  0  0  0  0/1    13:30   0:09   0:00 
Pierre-Luc Dubois        1  1  2   1  0   5  1  0  0  0  11/18  19:01   2:45   2:43 
Trent Frederic           0  1  1   1  0   2  0  0  0  0  2/12   12:40   1:21   0:00 
Trevor van Riemsdyk      0  0  0  -1  0   0  0  0  0  0  0/0    20:57   2:06   1:18 
Vitali Kravtsov          1  0  1   1  0   1  0  0  0  0  0/2    12:39   0:00   1:20 

Players Stats for UTAH ICE BEARS

Player Name              G  A  P  +/- PIM S  H  SB GA TA FO     MP     PP MP  PK MP  
------------------------------------------------------------------------------------
Alexander Barabanov      0  1  1  -2  2   1  0  0  0  0  2/4    17:46   3:38   1:05 
Alexander Ovechkin       0  0  0   0  0   5  2  0  0  0  0/0    20:00   4:12   0:00 
Andrew Mangiapane        1  0  1   1  2   3  0  0  0  0  0/0     6:07   0:00   0:34 
Andrew Peeke             0  1  1   1  0   1  1  2  0  0  0/0    17:13   0:00   1:53 
Artem Zub                0  0  0  -1  2   1  4  1  0  0  0/0    18:38   0:04   1:19 
Blake Lizotte            0  0  0   1  0   1  0  0  0  0  3/8     6:58   0:00   1:24 
Bowen Byram              0  0  0  -2  0   0  2  1  0  0  0/0    21:15   4:46   1:09 
Casey Mittelstadt        0  0  0  -1  0   2  0  0  0  0  0/0    16:29   3:00   0:00 
David Savard             0  2  2   2  0   0  0  3  0  0  0/0    16:48   0:57   1:46 
Evgeni Malkin            0  0  0   0  0   5  0  0  0  0  19/26  20:13   4:12   0:13 
Jordan Eberle            0  0  0   0  0   4  1  0  0  0  0/1    19:22   3:34   0:00 
Kristopher Letang        0  0  0  -2  0   1  1  1  0  0  0/0    22:23   3:53   0:00 
Lucas Raymond            0  0  0  -1  0   3  1  0  0  0  0/0    13:29   0:00   0:00 
Lukas Reichel            0  0  0   1  0   0  0  0  0  0  0/0     5:56   0:00   0:22 
MacKenzie Weegar         0  0  0  -2  0   2  0  2  0  0  0/0    20:42   3:00   2:22 
Matthew Beniers          0  0  0  -2  0   1  1  0  0  0  9/19   16:42   3:38   0:00 
Matthew Tkachuk          0  0  0  -2  0   3  0  0  0  0  2/3    17:52   4:16   0:32 
Morgan Frost             1  0  1  -1  0   2  0  0  0  0  10/21  16:07   0:00   2:38 

3 Stars

1 - Pierre-Luc Dubois (REN)
2 - Elias Pettersson (REN)
3 - Stuart Skinner (REN)

Power Play

RENO LIONS - 0 on 3 Attempt(s) - 0,00%
UTAH ICE BEARS - 0 on 4 Attempt(s) - 0,00%

Penalty Kill

RENO LIONS - 4 on 4 Attempt(s) - 100,00% - Score 0 goal in Penalty Kill
UTAH ICE BEARS - 3 on 3 Attempt(s) - 100,00% - Score 0 goal in Penalty Kill

Team Stat

RENO LIONS - Hits : 20 - Faceoff Wins : 37 - Blocked Shots : 9 - Penalty Minutes : 8
UTAH ICE BEARS - Hits : 13 - Faceoff Wins : 45 - Blocked Shots : 10 - Penalty Minutes : 6

Official

Referees : Chris Rooney and Graham Skilliter
Linesman : Trent Knorr and Shaun Morgan

Game Notes

Pierre-Luc Dubois has scored in a empty net!

Finance

Level 1 -- Attendance: 6532 (84,28%) -- Ticket Income 751 180 $
Level 2 -- Attendance: 5334 (92,77%) -- Ticket Income 410 718 $
Level 3 -- Attendance: 2500 (100,00%) -- Ticket Income 155 000 $
Level 4 -- Attendance: 5000 (100,00%) -- Ticket Income 205 000 $
Luxury Box -- Attendance: 930 (93,00%) -- Ticket Income 232 500 $
Total Attendance: 20296 (92,25%)
Total Ticket Income: 1 754 398 $
Other Expense: 17 544 $
Total Income: 1 736 854 $

RENO LIONS

5 vs 5 Forward 
   Center                   Left Wing                Right Wing               Time % Phy DF OF 
 1 Elias Pettersson         Kirill Kaprizov          Dylan Strome             36     1   2  2  
 2 Pierre-Luc Dubois        Max Domi                 Patrick Brown            31     1   2  2  
 3 Trent Frederic           Nicholas Ritchie         Vitali Kravtsov          23     1   2  2  
 4 Alex Steeves             Anthony-John Greer       Andreas Johnsson         10     1   2  2  

5 vs 5 Defense 
   Defense                  Defense                                           Time % Phy DF OF 
 1 Brady Skjei              Trevor van Riemsdyk                               36     1   2  2  
 2 Juuso Valimaki           Mattias Samuelsson                                34     1   2  2  
 3 Dante Fabbro             Ethan Bear                                        24     1   2  2  
 4 Brady Skjei              Trevor van Riemsdyk                               6      1   2  2  

PowerPlay Forward 
   Center                   Left Wing                Right Wing               Time % Phy DF OF 
 1 Pierre-Luc Dubois        Kirill Kaprizov          Elias Pettersson         55     1   2  2  
 2 Max Domi                 Trent Frederic           Dylan Strome             45     1   2  2  

PowerPlay Defense
   Defense                  Defense                                           Time % Phy DF OF 
 1 Brady Skjei              Juuso Valimaki                                    55     1   2  2  
 2 Ethan Bear               Trevor van Riemsdyk                               45     1   2  2  

Penalty Kill 4 Players Forward 
   Center                   Wing                     Time % Phy DF OF 
 1 Elias Pettersson         Anthony-John Greer       55     1   2  2  
 2 Pierre-Luc Dubois        Andreas Johnsson         45     1   2  2  

Penalty Kill 4 Players Defense
   Defense                  Defense                  Time % Phy DF OF 
 1 Ethan Bear               Mattias Samuelsson       55     1   2  2  
 2 Dante Fabbro             Juuso Valimaki           45     1   2  2  

Penalty Kill - 3 Players Forward 
   Forward                                           Time % Phy DF OF 
 1 Kirill Kaprizov                                   55     1   2  2  
 2 Dylan Strome                                      45     1   2  2  

Penalty Kill - 3 Players Defense
   Defense                  Defense                  Time % Phy DF OF 
 1 Trevor van Riemsdyk      Mattias Samuelsson       55     1   2  2  
 2 Ethan Bear               Brady Skjei              45     1   2  2  

4 vs 4 Forward 
   Center                   Wing                     Time % Phy DF OF 
 1 Patrick Brown            Nicholas Ritchie         55     1   2  2  
 2 Alex Steeves             Vitali Kravtsov          45     1   2  2  

4 vs 4 Defense
   Defense                  Defense                  Time % Phy DF OF 
 1 Dante Fabbro             Mattias Samuelsson       55     1   2  2  
 2 Brady Skjei              Trevor van Riemsdyk      45     1   2  2  

Last Minutes Offensive
   Center                   Left Wing                Right Wing               Defense                  Defense                  
   Pierre-Luc Dubois        Kirill Kaprizov          Elias Pettersson         Brady Skjei              Juuso Valimaki           

Last Minutes Defensive
   Center                   Left Wing                Right Wing               Defense                  Defense                  
   Pierre-Luc Dubois        Kirill Kaprizov          Elias Pettersson         Trevor van Riemsdyk      Mattias Samuelsson       

Goaltenders
Starting : Stuart Skinner           
Backup : Elvis Merzlikins         

Extra Forwards
Normal : Max Domi, Nicholas Ritchie, Trent Frederic - PP : Patrick Brown, Alex Steeves - PK : Vitali Kravtsov
Extra Defensemen
Normal : Dante Fabbro, Ethan Bear, Brady Skjei - PP : Juuso Valimaki - PK : Mattias Samuelsson, Trevor van Riemsdyk
Penalty Shots
Kirill Kaprizov, Elias Pettersson, Pierre-Luc Dubois, Dylan Strome, Max Domi
Custom OT Lines Forwards
Elias Pettersson, Kirill Kaprizov, Pierre-Luc Dubois, Dylan Strome, Max Domi, Nicholas Ritchie, Trent Frederic, Patrick Brown, Vitali Kravtsov, Anthony-John Greer
Custom OT Lines Defensemen
Brady Skjei, Trevor van Riemsdyk, Mattias Samuelsson, Juuso Valimaki, Ethan Bear

Scratches
None

UTAH ICE BEARS

5 vs 5 Forward 
   Center                   Left Wing                Right Wing               Time % Phy DF OF 
 1 Evgeni Malkin            Alexander Ovechkin       Jordan Eberle            37     1   2  2  
 2 Matthew Beniers          Alexander Barabanov      Matthew Tkachuk          32     1   2  2  
 3 Morgan Frost             Casey Mittelstadt        Lucas Raymond            26     1   2  2  
 4 Blake Lizotte            Lukas Reichel            Andrew Mangiapane        5      0   3  2  

5 vs 5 Defense 
   Defense                  Defense                                           Time % Phy DF OF 
 1 Artem Zub                Kristopher Letang                                 38     1   2  2  
 2 Bowen Byram              MacKenzie Weegar                                  33     1   2  2  
 3 Andrew Peeke             David Savard                                      24     1   3  1  
 4 Andrew Peeke             Kristopher Letang                                 5      1   2  2  

PowerPlay Forward 
   Center                   Left Wing                Right Wing               Time % Phy DF OF 
 1 Evgeni Malkin            Alexander Ovechkin       Matthew Tkachuk          60     0   1  4  
 2 Matthew Beniers          Alexander Barabanov      Jordan Eberle            40     0   1  4  

PowerPlay Defense
   Defense                  Defense                                           Time % Phy DF OF 
 1 Kristopher Letang        Bowen Byram                                       60     0   2  3  
 2 MacKenzie Weegar         Casey Mittelstadt                                 40     0   2  3  

Penalty Kill 4 Players Forward 
   Center                   Wing                     Time % Phy DF OF 
 1 Morgan Frost             Andrew Mangiapane        60     0   4  1  
 2 Blake Lizotte            Lukas Reichel            40     1   3  1  

Penalty Kill 4 Players Defense
   Defense                  Defense                  Time % Phy DF OF 
 1 Andrew Peeke             David Savard             60     0   4  1  
 2 MacKenzie Weegar         Artem Zub                40     1   3  1  

Penalty Kill - 3 Players Forward 
   Forward                                           Time % Phy DF OF 
 1 Blake Lizotte                                     55     0   4  1  
 2 Morgan Frost                                      45     0   4  1  

Penalty Kill - 3 Players Defense
   Defense                  Defense                  Time % Phy DF OF 
 1 MacKenzie Weegar         David Savard             55     0   4  1  
 2 Artem Zub                Andrew Peeke             45     0   4  1  

4 vs 4 Forward 
   Center                   Wing                     Time % Phy DF OF 
 1 Evgeni Malkin            Matthew Tkachuk          55     0   2  3  
 2 Matthew Beniers          Alexander Ovechkin       45     0   2  3  

4 vs 4 Defense
   Defense                  Defense                  Time % Phy DF OF 
 1 MacKenzie Weegar         Kristopher Letang        55     0   3  2  
 2 Bowen Byram              David Savard             45     0   3  2  

Last Minutes Offensive
   Center                   Left Wing                Right Wing               Defense                  Defense                  
   Evgeni Malkin            Alexander Ovechkin       Matthew Tkachuk          Artem Zub                Kristopher Letang        

Last Minutes Defensive
   Center                   Left Wing                Right Wing               Defense                  Defense                  
   Evgeni Malkin            Andrew Mangiapane        Matthew Tkachuk          Artem Zub                David Savard             

Goaltenders
Starting : Thatcher Demko           
Backup : Connor Ingram            

Extra Forwards
Normal : Alexander Ovechkin, Jordan Eberle, Casey Mittelstadt - PP : Matthew Beniers, Casey Mittelstadt - PK : Andrew Mangiapane
Extra Defensemen
Normal : David Savard, Andrew Peeke, MacKenzie Weegar - PP : David Savard - PK : Andrew Peeke, David Savard
Penalty Shots
Alexander Ovechkin, Matthew Tkachuk, Evgeni Malkin, Jordan Eberle, Alexander Barabanov
Custom OT Lines Forwards
Evgeni Malkin, Matthew Tkachuk, Alexander Ovechkin, Jordan Eberle, Alexander Barabanov, Casey Mittelstadt, Lucas Raymond, Andrew Mangiapane, Morgan Frost, Matthew Beniers
Custom OT Lines Defensemen
MacKenzie Weegar, Kristopher Letang, David Savard, Bowen Byram, Artem Zub

Scratches
Matias Maccelli (Torso Injury), Ross Colton (Healthy)

% Time on Ice - RENO LIONS

Lines # - Real PCT - Wanted PCT - Time Play
Normal Forward
1 - 33% - 36% - 15:42
2 - 28% - 31% - 13:21
3 - 24% - 23% - 11:19
4 - 15% - 10% - 7:21
Normal Defense
1 - 34% - 36% - 16:23
2 - 35% - 34% - 16:29
3 - 29% - 24% - 13:53
4 - 2% - 6% - 0:58
PP Forward
1 - 65% - 55% - 2:45
2 - 35% - 45% - 1:30
PP Defense
1 - 51% - 55% - 2:09
2 - 49% - 45% - 2:06
PK Forward
1 - 65% - 55% - 5:01
2 - 35% - 45% - 2:43
PK Defense
1 - 47% - 55% - 3:37
2 - 53% - 45% - 4:07
PK3 Forward
1 - 100% - 55% - 0:06
2 - 0% - 45% - 0:00
PK3 Defense
1 - 0% - 55% - 0:00
2 - 100% - 45% - 0:06
44 Forward
1 - 0% - 55%
2 - 0% - 45%
44 Defense
1 - 0% - 55%
2 - 0% - 45%
Last Minute Offensive  - 0:00
Last Minute Defensive  - 0:12
Total
Forward - 60:00
Defense - 60:00

% Time on Ice - UTAH ICE BEARS

Lines # - Real PCT - Wanted PCT - Time Play
Normal Forward
1 - 33% - 37% - 15:48
2 - 27% - 32% - 13:04
3 - 28% - 26% - 13:29
4 - 12% - 5% - 5:34
Normal Defense
1 - 36% - 38% - 17:15
2 - 32% - 33% - 15:20
3 - 28% - 24% - 13:12
4 - 4% - 5% - 2:08
PP Forward
1 - 54% - 60% - 4:12
2 - 46% - 40% - 3:38
PP Defense
1 - 62% - 60% - 4:50
2 - 38% - 40% - 3:00
PK Forward
1 - 86% - 60% - 2:11
2 - 14% - 40% - 0:22
PK Defense
1 - 37% - 60% - 0:56
2 - 63% - 40% - 1:37
PK3 Forward
1 - 61% - 55% - 1:02
2 - 39% - 45% - 0:40
PK3 Defense
1 - 44% - 55% - 0:45
2 - 56% - 45% - 0:57
44 Forward
1 - 0% - 55%
2 - 0% - 45%
44 Defense
1 - 0% - 55%
2 - 0% - 45%
Last Minute Offensive  - 0:00
Last Minute Defensive  - 0:00
Total
Forward - 60:00
Defense - 60:00

Play-by-Play

1st period


0:01 of 1st period - Evgeni Malkin wins face-off versus Elias Pettersson in neutral zone.
0:47 of 1st period - Shot by Jordan Eberle.
0:47 of 1st period - Shot Misses the Net.
1:30 of 1st period - Shot by Matthew Tkachuk.
1:30 of 1st period - Stopped by Stuart Skinner without a rebound.
1:31 of 1st period - Morgan Frost wins face-off versus Pierre-Luc Dubois in RENO LIONS zone.
1:43 of 1st period - Icing by Mattias Samuelsson.
1:44 of 1st period - Pierre-Luc Dubois wins face-off versus Blake Lizotte in RENO LIONS zone.
2:38 of 1st period - Shot by Trent Frederic.
2:38 of 1st period - Stopped by Thatcher Demko without a rebound.
2:39 of 1st period - Anthony-John Greer wins face-off versus Morgan Frost in UTAH ICE BEARS zone.
2:39 of 1st period - Andreas Johnsson is hit by Bowen Byram and loses puck.
2:50 of 1st period - Shot by Lucas Raymond.
2:50 of 1st period - Stopped by Stuart Skinner without a rebound.
2:51 of 1st period - Trent Frederic wins face-off versus Matthew Beniers in RENO LIONS zone.
4:02 of 1st period - Shot by Anthony-John Greer.
4:02 of 1st period - Stopped by Thatcher Demko without a rebound.
4:03 of 1st period - Evgeni Malkin wins face-off versus Pierre-Luc Dubois in UTAH ICE BEARS zone.
4:16 of 1st period - Icing by Brady Skjei.
4:17 of 1st period - Pierre-Luc Dubois wins face-off versus Morgan Frost in RENO LIONS zone.
4:30 of 1st period - Shot by Casey Mittelstadt.
4:30 of 1st period - Shot Misses the Net.
4:52 of 1st period - Shot by Pierre-Luc Dubois.
4:52 of 1st period - Shot Blocked by MacKenzie Weegar.
4:54 of 1st period - Shot by Max Domi.
4:54 of 1st period - Shot Blocked by MacKenzie Weegar.
5:12 of 1st period - Shot by Elias Pettersson.
5:12 of 1st period - Stopped by Thatcher Demko with a rebound.
5:14 of 1st period - Shot by Kirill Kaprizov.
5:14 of 1st period - Stopped by Thatcher Demko without a rebound.
5:15 of 1st period - Evgeni Malkin wins face-off versus Alex Steeves in UTAH ICE BEARS zone.
5:22 of 1st period - Icing by Juuso Valimaki.
5:23 of 1st period - Evgeni Malkin wins face-off versus Alex Steeves in RENO LIONS zone.
5:38 of 1st period - Shot by Alexander Ovechkin.
5:38 of 1st period - Stopped by Stuart Skinner without a rebound.
5:39 of 1st period - Matthew Tkachuk wins face-off versus Elias Pettersson in RENO LIONS zone.
5:52 of 1st period - Shot by Alexander Barabanov.
5:52 of 1st period - Deflect By Matthew Tkachuk.
5:52 of 1st period - Shot Misses the Net.
6:10 of 1st period - Shot by Kirill Kaprizov.
6:10 of 1st period - Shot Misses the Net.
6:12 of 1st period - Shot by Dante Fabbro.
6:12 of 1st period - Shot Blocked by David Savard.
7:18 of 1st period - Shot by Pierre-Luc Dubois.
7:18 of 1st period - Stopped by Thatcher Demko without a rebound.
7:19 of 1st period - Evgeni Malkin wins face-off versus Pierre-Luc Dubois in UTAH ICE BEARS zone.
7:52 of 1st period - Shot by Pierre-Luc Dubois.
7:52 of 1st period - Stopped by Thatcher Demko without a rebound.
7:53 of 1st period - Elias Pettersson wins face-off versus Morgan Frost in UTAH ICE BEARS zone.
8:06 of 1st period - Shot by Dylan Strome.
8:06 of 1st period - Goal by Dylan Strome - RENO LIONS : 1 - UTAH ICE BEARS : 0.
8:07 of 1st period - Alex Steeves wins face-off versus Blake Lizotte in neutral zone.
8:07 of 1st period - Minor Penalty to Andrew Mangiapane for Hooking.
8:08 of 1st period - Elias Pettersson wins face-off versus Morgan Frost in UTAH ICE BEARS zone.
9:26 of 1st period - Off-side.
9:27 of 1st period - Max Domi wins face-off versus Blake Lizotte in neutral zone.
9:55 of 1st period - Shot by Dylan Strome.
9:55 of 1st period - Deflect By Max Domi.
9:55 of 1st period - Stopped by Thatcher Demko without a rebound.
9:56 of 1st period - Max Domi wins face-off versus Morgan Frost in UTAH ICE BEARS zone.
10:22 of 1st period - Shot by Alexander Ovechkin.
10:22 of 1st period - Stopped by Stuart Skinner without a rebound.
10:23 of 1st period - Blake Lizotte wins face-off versus Vitali Kravtsov in RENO LIONS zone.
10:49 of 1st period - Icing by Juuso Valimaki.
10:50 of 1st period - Evgeni Malkin wins face-off versus Trent Frederic in RENO LIONS zone.
11:05 of 1st period - Shot by Alexander Ovechkin.
11:05 of 1st period - Deflect By Evgeni Malkin.
11:05 of 1st period - Stopped by Stuart Skinner without a rebound.
11:06 of 1st period - Morgan Frost wins face-off versus Elias Pettersson in RENO LIONS zone.
11:36 of 1st period - Kirill Kaprizov is hit by Artem Zub and loses puck.
12:08 of 1st period - Artem Zub is hit by Dante Fabbro and loses puck.
12:16 of 1st period - Max Domi is hit by Artem Zub.
12:37 of 1st period - Icing by Ethan Bear.
12:38 of 1st period - Evgeni Malkin wins face-off versus Pierre-Luc Dubois in RENO LIONS zone.
12:41 of 1st period - Shot by Alexander Ovechkin.
12:41 of 1st period - Shot Misses the Net.
12:43 of 1st period - Shot by Jordan Eberle.
12:43 of 1st period - Stopped by Stuart Skinner with a rebound.
12:56 of 1st period - Off-side.
12:57 of 1st period - Matthew Beniers wins face-off versus Trent Frederic in neutral zone.
13:34 of 1st period - Matthew Tkachuk is hit by Juuso Valimaki and loses puck.
13:51 of 1st period - Minor Penalty to Alexander Barabanov for Roughing.
13:52 of 1st period - Pierre-Luc Dubois wins face-off versus Morgan Frost in UTAH ICE BEARS zone.
13:57 of 1st period - Shot by Kirill Kaprizov.
13:57 of 1st period - Shot Blocked by Artem Zub.
14:08 of 1st period - Minor Penalty to Artem Zub for Holding.
14:09 of 1st period - Pierre-Luc Dubois wins face-off versus Blake Lizotte in UTAH ICE BEARS zone.
15:58 of 1st period - Shot by Kirill Kaprizov.
15:58 of 1st period - Stopped by Thatcher Demko without a rebound.
15:59 of 1st period - Morgan Frost wins face-off versus Dylan Strome in UTAH ICE BEARS zone.
15:59 of 1st period - Morgan Frost is hit by Patrick Brown.
16:17 of 1st period - Shot by Alexander Ovechkin.
16:17 of 1st period - Stopped by Stuart Skinner without a rebound.
16:18 of 1st period - Evgeni Malkin wins face-off versus Alex Steeves in RENO LIONS zone.
17:06 of 1st period - Alexander Ovechkin is hit by Mattias Samuelsson and loses puck.
17:36 of 1st period - Icing by Brady Skjei.
17:37 of 1st period - Morgan Frost wins face-off versus Dylan Strome in RENO LIONS zone.
17:37 of 1st period - David Savard is hit by Brady Skjei and loses puck.
17:42 of 1st period - Shot by Morgan Frost.
17:42 of 1st period - Goal by Morgan Frost - RENO LIONS : 1 - UTAH ICE BEARS : 1.
17:43 of 1st period - Pierre-Luc Dubois wins face-off versus Morgan Frost in neutral zone.
19:16 of 1st period - Shot by Kirill Kaprizov.
19:16 of 1st period - Stopped by Thatcher Demko without a rebound.
19:17 of 1st period - Matthew Beniers wins face-off versus Trent Frederic in UTAH ICE BEARS zone.
19:17 of 1st period - Matthew Beniers is hit by Nicholas Ritchie.
19:36 of 1st period - Matthew Beniers is hit by Mattias Samuelsson.
Goals for this period are 1 for RENO LIONS vs 1 for UTAH ICE BEARS.
Shots for this period are 10 for RENO LIONS vs 8 for UTAH ICE BEARS.

2nd period


0:01 of 2nd period - Elias Pettersson wins face-off versus Evgeni Malkin in neutral zone.
1:01 of 2nd period - Shot by Pierre-Luc Dubois.
1:01 of 2nd period - Shot Blocked by Bowen Byram.
1:04 of 2nd period - Icing by MacKenzie Weegar.
1:05 of 2nd period - Evgeni Malkin wins face-off versus Trent Frederic in UTAH ICE BEARS zone.
1:05 of 2nd period - Evgeni Malkin is hit by Nicholas Ritchie.
1:11 of 2nd period - Dante Fabbro is hit by Alexander Ovechkin and loses puck.
1:19 of 2nd period - Icing by Ethan Bear.
1:20 of 2nd period - Matthew Beniers wins face-off versus Trent Frederic in RENO LIONS zone.
1:42 of 2nd period - Matthew Beniers is hit by Dante Fabbro and loses puck.
1:57 of 2nd period - Shot by Matthew Tkachuk.
1:57 of 2nd period - Deflect By Alexander Barabanov.
1:57 of 2nd period - Shot Misses the Net.
1:59 of 2nd period - Shot by Matthew Tkachuk.
1:59 of 2nd period - Shot Misses the Net.
3:08 of 2nd period - Off-side.
3:09 of 2nd period - Evgeni Malkin wins face-off versus Elias Pettersson in neutral zone.
3:09 of 2nd period - Evgeni Malkin is hit by Kirill Kaprizov.
3:25 of 2nd period - Shot by Kirill Kaprizov.
3:25 of 2nd period - Shot Misses the Net.
3:28 of 2nd period - Icing by MacKenzie Weegar.
3:29 of 2nd period - Pierre-Luc Dubois wins face-off versus Evgeni Malkin in UTAH ICE BEARS zone.
3:47 of 2nd period - Shot by Alexander Ovechkin.
3:47 of 2nd period - Stopped by Stuart Skinner without a rebound.
3:48 of 2nd period - Elias Pettersson wins face-off versus Alexander Barabanov in RENO LIONS zone.
3:54 of 2nd period - Icing by Kristopher Letang.
3:55 of 2nd period - Matthew Beniers wins face-off versus Elias Pettersson in UTAH ICE BEARS zone.
4:04 of 2nd period - Shot by Matthew Beniers.
4:04 of 2nd period - Shot Misses the Net.
4:06 of 2nd period - Shot by Matthew Beniers.
4:06 of 2nd period - Stopped by Stuart Skinner with a rebound.
4:31 of 2nd period - Shot by Matthew Tkachuk.
4:31 of 2nd period - Shot Misses the Net.
5:13 of 2nd period - Shot by Pierre-Luc Dubois.
5:13 of 2nd period - Deflect By Max Domi.
5:13 of 2nd period - Stopped by Thatcher Demko without a rebound.
5:14 of 2nd period - Morgan Frost wins face-off versus Alex Steeves in UTAH ICE BEARS zone.
5:23 of 2nd period - Shot by Casey Mittelstadt.
5:23 of 2nd period - Stopped by Stuart Skinner with a rebound.
5:30 of 2nd period - Lucas Raymond is hit by Mattias Samuelsson and loses puck.
5:33 of 2nd period - Shot by Morgan Frost.
5:33 of 2nd period - Stopped by Stuart Skinner without a rebound.
5:34 of 2nd period - Pierre-Luc Dubois wins face-off versus Evgeni Malkin in RENO LIONS zone.
5:45 of 2nd period - Jordan Eberle is hit by Dante Fabbro and loses puck.
5:46 of 2nd period - Minor Penalty to Dante Fabbro for Roughing.
5:47 of 2nd period - Evgeni Malkin wins face-off versus Elias Pettersson in RENO LIONS zone.
6:06 of 2nd period - Shot by Kristopher Letang.
6:06 of 2nd period - Deflect By Evgeni Malkin.
6:06 of 2nd period - Stopped by Stuart Skinner without a rebound.
6:07 of 2nd period - Elias Pettersson wins face-off versus Matthew Beniers in RENO LIONS zone.
6:07 of 2nd period - Elias Pettersson is hit by Jordan Eberle.
6:18 of 2nd period - Alexander Barabanov is hit by Juuso Valimaki and loses puck.
6:30 of 2nd period - Off-side.
6:31 of 2nd period - Evgeni Malkin wins face-off versus Elias Pettersson in neutral zone.
6:40 of 2nd period - Shot by Kristopher Letang.
6:40 of 2nd period - Shot Misses the Net.
6:42 of 2nd period - Shot by Kristopher Letang.
6:42 of 2nd period - Shot Misses the Net.
7:03 of 2nd period - Icing by Bowen Byram.
7:04 of 2nd period - Elias Pettersson wins face-off versus Matthew Tkachuk in UTAH ICE BEARS zone.
7:04 of 2nd period - Ethan Bear is hit by Bowen Byram.
7:10 of 2nd period - Shot by Evgeni Malkin.
7:10 of 2nd period - Shot Blocked by Mattias Samuelsson.
7:12 of 2nd period - Shot by Kristopher Letang.
7:12 of 2nd period - Shot Blocked by Mattias Samuelsson.
7:14 of 2nd period - Shot by Matthew Tkachuk.
7:14 of 2nd period - Stopped by Stuart Skinner without a rebound.
7:15 of 2nd period - Pierre-Luc Dubois wins face-off versus Matthew Beniers in RENO LIONS zone.
7:24 of 2nd period - Shot by Casey Mittelstadt.
7:24 of 2nd period - Stopped by Stuart Skinner with a rebound.
7:30 of 2nd period - Shot by Jordan Eberle.
7:30 of 2nd period - Shot Misses the Net.
7:46 of 2nd period - Shot by Alexander Barabanov.
7:46 of 2nd period - Stopped by Stuart Skinner without a rebound.
7:47 of 2nd period - Pierre-Luc Dubois wins face-off versus Blake Lizotte in RENO LIONS zone.
8:27 of 2nd period - Icing by Brady Skjei.
8:28 of 2nd period - Evgeni Malkin wins face-off versus Pierre-Luc Dubois in RENO LIONS zone.
9:01 of 2nd period - Shot by Elias Pettersson.
9:01 of 2nd period - Stopped by Thatcher Demko without a rebound.
9:02 of 2nd period - Matthew Beniers wins face-off versus Trent Frederic in UTAH ICE BEARS zone.
9:12 of 2nd period - Shot by Nicholas Ritchie.
9:12 of 2nd period - Shot Misses the Net.
9:15 of 2nd period - Icing by Andrew Peeke.
9:16 of 2nd period - Elias Pettersson wins face-off versus Matthew Beniers in UTAH ICE BEARS zone.
9:19 of 2nd period - Shot by Dylan Strome.
9:19 of 2nd period - Stopped by Thatcher Demko without a rebound.
9:20 of 2nd period - Elias Pettersson wins face-off versus Jordan Eberle in UTAH ICE BEARS zone.
9:20 of 2nd period - Kirill Kaprizov is hit by Artem Zub and loses puck.
9:24 of 2nd period - Icing by Kristopher Letang.
9:25 of 2nd period - Elias Pettersson wins face-off versus Evgeni Malkin in UTAH ICE BEARS zone.
9:28 of 2nd period - Shot by Dylan Strome.
9:28 of 2nd period - Stopped by Thatcher Demko with a rebound.
10:09 of 2nd period - Shot by Evgeni Malkin.
10:09 of 2nd period - Stopped by Stuart Skinner without a rebound.
10:10 of 2nd period - Morgan Frost wins face-off versus Pierre-Luc Dubois in RENO LIONS zone.
10:14 of 2nd period - Icing by Mattias Samuelsson.
10:15 of 2nd period - Matthew Beniers wins face-off versus Patrick Brown in RENO LIONS zone.
10:28 of 2nd period - Shot by Pierre-Luc Dubois.
10:28 of 2nd period - Stopped by Thatcher Demko without a rebound.
10:29 of 2nd period - Alex Steeves wins face-off versus Morgan Frost in UTAH ICE BEARS zone.
10:30 of 2nd period - Shot by Ethan Bear.
10:30 of 2nd period - Shot Blocked by Andrew Peeke.
10:42 of 2nd period - Shot by Andreas Johnsson.
10:42 of 2nd period - Shot Blocked by David Savard.
10:44 of 2nd period - Shot by Ethan Bear.
10:44 of 2nd period - Shot Blocked by David Savard.
10:58 of 2nd period - Shot by Anthony-John Greer.
10:58 of 2nd period - Shot Misses the Net.
11:20 of 2nd period - Shot by Pierre-Luc Dubois.
11:20 of 2nd period - Stopped by Thatcher Demko with a rebound.
11:54 of 2nd period - Shot by Max Domi.
11:54 of 2nd period - Deflect By Pierre-Luc Dubois.
11:54 of 2nd period - Shot Misses the Net.
13:14 of 2nd period - Shot by Nicholas Ritchie.
13:14 of 2nd period - Stopped by Thatcher Demko with a rebound.
13:16 of 2nd period - Shot by Nicholas Ritchie.
13:16 of 2nd period - Stopped by Thatcher Demko with a rebound.
13:20 of 2nd period - Shot by Vitali Kravtsov.
13:20 of 2nd period - Shot Blocked by Andrew Peeke.
13:22 of 2nd period - Shot by Ethan Bear.
13:22 of 2nd period - Stopped by Thatcher Demko without a rebound.
13:23 of 2nd period - Evgeni Malkin wins face-off versus Alex Steeves in UTAH ICE BEARS zone.
13:36 of 2nd period - Shot by Jordan Eberle.
13:36 of 2nd period - Deflect By Alexander Ovechkin.
13:36 of 2nd period - Shot Misses the Net.
13:38 of 2nd period - Shot by Kristopher Letang.
13:38 of 2nd period - Shot Misses the Net.
13:52 of 2nd period - Kristopher Letang is hit by Anthony-John Greer.
14:02 of 2nd period - Shot by Jordan Eberle.
14:02 of 2nd period - Stopped by Stuart Skinner with a rebound.
14:06 of 2nd period - Shot by Jordan Eberle.
14:06 of 2nd period - Stopped by Stuart Skinner without a rebound.
14:07 of 2nd period - Matthew Beniers wins face-off versus Elias Pettersson in RENO LIONS zone.
14:08 of 2nd period - Shot by Matthew Tkachuk.
14:08 of 2nd period - Stopped by Stuart Skinner with a rebound.
14:10 of 2nd period - Shot by Bowen Byram.
14:10 of 2nd period - Shot Misses the Net.
14:46 of 2nd period - Shot by Matthew Beniers.
14:46 of 2nd period - Deflect By Matthew Tkachuk.
14:46 of 2nd period - Shot Misses the Net.
15:43 of 2nd period - Icing by Andrew Mangiapane.
15:44 of 2nd period - Blake Lizotte wins face-off versus Trent Frederic in UTAH ICE BEARS zone.
16:12 of 2nd period - Shot by Nicholas Ritchie.
16:12 of 2nd period - Shot Hit the Post.
16:14 of 2nd period - Shot by Brady Skjei.
16:14 of 2nd period - Shot Blocked by Kristopher Letang.
16:16 of 2nd period - Shot by Nicholas Ritchie.
16:16 of 2nd period - Shot Misses the Net.
17:06 of 2nd period - Shot by Evgeni Malkin.
17:06 of 2nd period - Stopped by Stuart Skinner with a rebound.
17:28 of 2nd period - Minor Penalty to Dante Fabbro for Roughing.
17:29 of 2nd period - Elias Pettersson wins face-off versus Alexander Barabanov in RENO LIONS zone.
18:34 of 2nd period - Shot by Matthew Tkachuk.
18:34 of 2nd period - Shot Misses the Net.
18:46 of 2nd period - Shot by Alexander Ovechkin.
18:46 of 2nd period - Shot Misses the Net.
19:13 of 2nd period - Shot by Matthew Beniers.
19:13 of 2nd period - Shot Blocked by Mattias Samuelsson.
19:15 of 2nd period - Shot by Matthew Beniers.
19:15 of 2nd period - Shot Blocked by Elias Pettersson.
19:17 of 2nd period - Shot by Casey Mittelstadt.
19:17 of 2nd period - Shot Blocked by Elias Pettersson.
19:19 of 2nd period - Shot by MacKenzie Weegar.
19:19 of 2nd period - Shot Misses the Net.
19:21 of 2nd period - Shot by MacKenzie Weegar.
19:21 of 2nd period - Stopped by Stuart Skinner without a rebound.
19:21 of 2nd period - Minor Penalty to Stuart Skinner for Slashing.
19:22 of 2nd period - Matthew Tkachuk wins face-off versus Kirill Kaprizov in RENO LIONS zone.
19:23 of 2nd period - Shot by Matthew Beniers.
19:23 of 2nd period - Shot Misses the Net.
19:25 of 2nd period - Shot by Artem Zub.
19:25 of 2nd period - Stopped by Stuart Skinner without a rebound.
19:26 of 2nd period - Alexander Barabanov wins face-off versus Kirill Kaprizov in RENO LIONS zone.
19:38 of 2nd period - Alexander Barabanov is hit by Pierre-Luc Dubois and loses puck.
Goals for this period are 0 for RENO LIONS vs 0 for UTAH ICE BEARS.
Shots for this period are 9 for RENO LIONS vs 15 for UTAH ICE BEARS.

3rd period


0:01 of 3rd period - Evgeni Malkin wins face-off versus Elias Pettersson in neutral zone.
0:13 of 3rd period - Icing by Matthew Tkachuk.
0:14 of 3rd period - Evgeni Malkin wins face-off versus Vitali Kravtsov in UTAH ICE BEARS zone.
0:14 of 3rd period - Evgeni Malkin is hit by Elias Pettersson.
0:34 of 3rd period - Shot by Evgeni Malkin.
0:34 of 3rd period - Shot Misses the Net.
0:36 of 3rd period - Shot by Evgeni Malkin.
0:36 of 3rd period - Shot Misses the Net.
0:38 of 3rd period - Shot by Matthew Tkachuk.
0:38 of 3rd period - Shot Blocked by Mattias Samuelsson.
0:40 of 3rd period - Shot by Matthew Tkachuk.
0:40 of 3rd period - Deflect By Alexander Ovechkin.
0:40 of 3rd period - Stopped by Stuart Skinner without a rebound.
0:41 of 3rd period - Elias Pettersson wins face-off versus Matthew Beniers in RENO LIONS zone.
1:41 of 3rd period - Shot by Blake Lizotte.
1:41 of 3rd period - Deflect By Andrew Mangiapane.
1:41 of 3rd period - Stopped by Stuart Skinner with a rebound.
2:01 of 3rd period - Shot by Kristopher Letang.
2:01 of 3rd period - Stopped by Stuart Skinner without a rebound.
2:02 of 3rd period - Alex Steeves wins face-off versus Evgeni Malkin in RENO LIONS zone.
2:19 of 3rd period - Shot by Alexander Ovechkin.
2:19 of 3rd period - Shot Blocked by Mattias Samuelsson.
2:26 of 3rd period - Icing by Mattias Samuelsson.
2:27 of 3rd period - Matthew Beniers wins face-off versus Alex Steeves in RENO LIONS zone.
2:28 of 3rd period - Shot by Matthew Tkachuk.
2:28 of 3rd period - Shot Misses the Net.
2:30 of 3rd period - Shot by MacKenzie Weegar.
2:30 of 3rd period - Stopped by Stuart Skinner with a rebound.
2:48 of 3rd period - Shot by Alexander Barabanov.
2:48 of 3rd period - Shot Misses the Net.
3:36 of 3rd period - Shot by Kirill Kaprizov.
3:36 of 3rd period - Stopped by Thatcher Demko without a rebound.
3:37 of 3rd period - Elias Pettersson wins face-off versus Morgan Frost in UTAH ICE BEARS zone.
5:03 of 3rd period - Shot by Max Domi.
5:03 of 3rd period - Shot Misses the Net.
5:15 of 3rd period - Shot by Max Domi.
5:15 of 3rd period - Shot Misses the Net.
5:31 of 3rd period - Shot by Trent Frederic.
5:31 of 3rd period - Stopped by Thatcher Demko without a rebound.
5:32 of 3rd period - Trent Frederic wins face-off versus Matthew Beniers in UTAH ICE BEARS zone.
6:34 of 3rd period - Shot by Andrew Mangiapane.
6:34 of 3rd period - Stopped by Stuart Skinner without a rebound.
6:35 of 3rd period - Alex Steeves wins face-off versus Evgeni Malkin in RENO LIONS zone.
6:35 of 3rd period - Alex Steeves is hit by Alexander Ovechkin.
7:13 of 3rd period - Shot by Jordan Eberle.
7:13 of 3rd period - Shot Misses the Net.
7:15 of 3rd period - Shot by Kristopher Letang.
7:15 of 3rd period - Shot Blocked by Dante Fabbro.
7:41 of 3rd period - Anthony-John Greer is hit by Lucas Raymond and loses puck.
7:59 of 3rd period - Icing by Ethan Bear.
8:00 of 3rd period - Alex Steeves wins face-off versus Matthew Beniers in RENO LIONS zone.
8:00 of 3rd period - Alex Steeves is hit by Matthew Beniers.
8:05 of 3rd period - Off-side.
8:06 of 3rd period - Elias Pettersson wins face-off versus Matthew Beniers in neutral zone.
8:19 of 3rd period - Shot by Kirill Kaprizov.
8:19 of 3rd period - Stopped by Thatcher Demko without a rebound.
8:20 of 3rd period - Pierre-Luc Dubois wins face-off versus Evgeni Malkin in UTAH ICE BEARS zone.
8:27 of 3rd period - Shot by Max Domi.
8:27 of 3rd period - Stopped by Thatcher Demko with a rebound.
8:54 of 3rd period - Icing by Juuso Valimaki.
8:55 of 3rd period - Matthew Beniers wins face-off versus Pierre-Luc Dubois in RENO LIONS zone.
9:12 of 3rd period - Shot by Max Domi.
9:12 of 3rd period - Goal by Max Domi - RENO LIONS : 2 - UTAH ICE BEARS : 1.
9:13 of 3rd period - Morgan Frost wins face-off versus Elias Pettersson in neutral zone.
9:13 of 3rd period - Minor Penalty to Kirill Kaprizov for Interference.
9:14 of 3rd period - Evgeni Malkin wins face-off versus Elias Pettersson in RENO LIONS zone.
11:19 of 3rd period - Shot by Andrew Mangiapane.
11:19 of 3rd period - Goal by Andrew Mangiapane - RENO LIONS : 2 - UTAH ICE BEARS : 2.
11:20 of 3rd period - Blake Lizotte wins face-off versus Nicholas Ritchie in neutral zone.
11:45 of 3rd period - Nicholas Ritchie is hit by Andrew Peeke and loses puck.
11:59 of 3rd period - Shot by Andrew Mangiapane.
11:59 of 3rd period - Shot Misses the Net.
12:01 of 3rd period - Shot by Blake Lizotte.
12:01 of 3rd period - Stopped by Stuart Skinner without a rebound.
12:02 of 3rd period - Morgan Frost wins face-off versus Elias Pettersson in RENO LIONS zone.
12:21 of 3rd period - Shot by Elias Pettersson.
12:21 of 3rd period - Stopped by Thatcher Demko without a rebound.
12:22 of 3rd period - Pierre-Luc Dubois wins face-off versus Matthew Beniers in UTAH ICE BEARS zone.
12:25 of 3rd period - Shot by Max Domi.
12:25 of 3rd period - Shot Misses the Net.
12:27 of 3rd period - Shot by Ethan Bear.
12:27 of 3rd period - Shot Misses the Net.
12:43 of 3rd period - Shot by Bowen Byram.
12:43 of 3rd period - Shot Misses the Net.
12:54 of 3rd period - Icing by MacKenzie Weegar.
12:55 of 3rd period - Elias Pettersson wins face-off versus Matthew Beniers in UTAH ICE BEARS zone.
13:09 of 3rd period - Shot by Elias Pettersson.
13:09 of 3rd period - Shot Misses the Net.
13:15 of 3rd period - Shot by Dylan Strome.
13:15 of 3rd period - Stopped by Thatcher Demko without a rebound.
13:16 of 3rd period - Evgeni Malkin wins face-off versus Trent Frederic in UTAH ICE BEARS zone.
13:16 of 3rd period - Evgeni Malkin is hit by Nicholas Ritchie.
13:25 of 3rd period - Nicholas Ritchie is hit by Artem Zub and loses puck.
13:46 of 3rd period - Shot by Evgeni Malkin.
13:46 of 3rd period - Stopped by Stuart Skinner without a rebound.
13:47 of 3rd period - Morgan Frost wins face-off versus Elias Pettersson in RENO LIONS zone.
14:18 of 3rd period - Shot by Kirill Kaprizov.
14:18 of 3rd period - Shot Misses the Net.
16:18 of 3rd period - Shot by Vitali Kravtsov.
16:18 of 3rd period - Goal by Vitali Kravtsov - RENO LIONS : 3 - UTAH ICE BEARS : 2.
16:19 of 3rd period - Morgan Frost wins face-off versus Alex Steeves in neutral zone.
16:40 of 3rd period - Icing by Morgan Frost.
16:41 of 3rd period - Elias Pettersson wins face-off versus Morgan Frost in UTAH ICE BEARS zone.
16:41 of 3rd period - Kirill Kaprizov is hit by Kristopher Letang and loses puck.
16:59 of 3rd period - Shot by Lucas Raymond.
16:59 of 3rd period - Stopped by Stuart Skinner with a rebound.
17:01 of 3rd period - Shot by Lucas Raymond.
17:01 of 3rd period - Stopped by Stuart Skinner with a rebound.
17:03 of 3rd period - Shot by Andrew Peeke.
17:03 of 3rd period - Stopped by Stuart Skinner with a rebound.
17:05 of 3rd period - Shot by Kristopher Letang.
17:05 of 3rd period - Shot Blocked by Mattias Samuelsson.
18:03 of 3rd period - Alexander Barabanov is hit by Dante Fabbro and loses puck.
18:08 of 3rd period - Shot by Alexander Barabanov.
18:08 of 3rd period - Shot Misses the Net.
18:29 of 3rd period - Icing by Bowen Byram.
18:30 of 3rd period - Evgeni Malkin wins face-off versus Trent Frederic in UTAH ICE BEARS zone.
18:51 of 3rd period - Shot by Jordan Eberle.
18:51 of 3rd period - Stopped by Stuart Skinner without a rebound.
18:52 of 3rd period - Elias Pettersson wins face-off versus Morgan Frost in RENO LIONS zone.
18:57 of 3rd period - Kristopher Letang is hit by Kirill Kaprizov and loses puck.
19:14 of 3rd period - UTAH ICE BEARS, Thatcher Demko is pulled from the net.
19:48 of 3rd period - Shot by Kirill Kaprizov.
19:48 of 3rd period - Shot Misses the Net.
19:50 of 3rd period - Shot by Pierre-Luc Dubois.
19:50 of 3rd period - Goal by Pierre-Luc Dubois - RENO LIONS : 4 - UTAH ICE BEARS : 2.
19:50 of 3rd period - Thatcher Demko from UTAH ICE BEARS was sent back in the game.
19:51 of 3rd period - Alexander Barabanov wins face-off versus Trent Frederic in neutral zone.
19:51 of 3rd period - Matthew Beniers is hit by Nicholas Ritchie and loses puck.
Goals for this period are 3 for RENO LIONS vs 1 for UTAH ICE BEARS.
Shots for this period are 9 for RENO LIONS vs 12 for UTAH ICE BEARS.


BLAKE
WHEELER
STEVEN
STAMKOS
DREW
DOUGHTY

EAST COAST

HOCKEY LEAGUE

  • 63.RHI2PIT5
  • 64.WOR4ATL3
  • 65.QUECHW
  • 66.CHATRV